 Dungeon Crawl Stone Soup version 0.18-a0-1551-g40744a8 (webtiles) character file.

289 Ijustatesigmund the Insei (level 6, -4/43 HPs)
             Began as an Octopode Transmuter on Mar 11, 2016.
             Was an Initiate of Cheibriados.
             Slain by an orc
             ... wielding a +0 war axe
              (8 damage)
             ... on level 4 of the Dungeon.
             The game lasted 00:07:14 (3891 turns).

Ijustatesigmund the Insei (Octopode Transmuter)     Turns: 3891, Time: 00:07:15

Health: -4/43      AC:  1    Str: 10    XL:     6   Next: 31%
Magic:  17/18      EV: 12    Int: 19    God:    Cheibriados [......]
Gold:   158        SH:  0    Dex: 13    Spells: 3 memorised, 3 levels left

rFire  . . .     SeeInvis .       - Unarmed
rCold  . . .     Gourm    .     (no shield)
rNeg   . . .     Faith    .     (helmet restricted)
rPois  .         Spirit   .     (no amulet)
rElec  .         Dismiss  .     e - ring of magical power
rCorr  .         Reflect  .     (no ring)
SustAt .         Harm     .     (no ring)
MR     .....                    (no ring)
Stlth  ++........               (no ring)
                                (no ring)
                                (no ring)
                                (no ring)

@: very slow, not resistant to hostile enchantments, unstealthy
A: almost no armour, amphibious, 8 rings, constrict 8, camouflage 1, gelatinous
body 1
a: Bend Time, Renounce Religion


You were on level 4 of the Dungeon.
You worshipped Cheibriados.
Cheibriados was noncommittal.
You were not hungry.

You visited 2 branches of the dungeon, and saw 5 of its levels.

You collected 158 gold pieces.

Inventory:

Missiles
 a - 56 arrows
Armour
 g - a +0 buckler
Jewellery
 e - a ring of magical power (left tentacle)
Wands
 o - a wand of paralysis (9/24)
Scrolls
 i - 3 scrolls of immolation
 n - a scroll of identify
Potions
 h - a potion of might {unknown}
 j - a potion of invisibility
 l - a potion of curing {unknown}
 m - 4 potions of heal wounds {unknown}
Books
 b - a book of Changes

   Spells                             Type                      Level
   a - Beastly Appendage              Transmutation                1
   b - Sticks to Snakes               Transmutation                2
   c - Spider Form                    Transmutation/Poison         3
   d - Ice Form                       Ice/Transmutation            4
   e - Blade Hands                    Transmutation                5
Comestibles
 c - a bread ration
 f - 2 meat rations


   Skills:
 + Level 3.9 Fighting
 - Level 2.0 Dodging
 + Level 4.6 Unarmed Combat
 - Level 2.0 Spellcasting
 + Level 3.0 Transmutations
 - Level 2.0 Poison Magic


You had 3 spell levels left.
You knew the following spells:

 Your Spells              Type           Power        Failure   Level  Hunger
a - Beastly Appendage     Trmt           ##....       6%          1    #......
b - Sticks to Snakes      Trmt           ##......     10%         2    ###....
c - Spider Form           Trmt/Pois      ##........   17%         3    ###....


Dungeon Overview and Level Annotations

Branches:
Dungeon (4/15)             Temple (1/1) D:4

Altars:
Ashenzari
Cheibriados
Elyvilon
Gozag
Makhleb
Nemelex Xobeh
Okawaru
Sif Muna
Trog
Xom
Yredelemnul
Zin
The Shining One

Shops:
D:4 =


Innate Abilities, Weirdness & Mutations

You cannot wear most types of armour.
You are amphibious.
You can wear up to eight rings at the same time.
You can use your tentacles to constrict eight enemies at once.
Your skin changes colour to match your surroundings (Stealth).
Your rubbery body absorbs attacks (AC +1).


Message History

Deactivating autopickup; reactivate with Ctrl-A.
You hit the ooze.
The ooze is severely wounded.
The ooze closely misses you.
You bite the ooze!
You kill the ooze!
Cheibriados appreciates the change of pace.
You hit the orc but do no damage. You barely miss the orc.
The orc closely misses you.
You hit the orc but do no damage.
The orc is poisoned.
Your transformation has ended.
The orc closely misses you. The orc hits you with a war axe!
* * * LOW HITPOINT WARNING * * *
You tentacle-slap the orc. You grab the orc.
The orc is almost dead.
You constrict the orc.
You kill the orc!
Cheibriados appreciates the change of pace.
The orc hits you with a war axe!
You die...

#### #... #.... .
#.... ### oo #....
#.. ..? #....###.#
.... # #......#.#
..... .. #.
#@#.#......
..#.####o).$.....#
.........#.......#
..###.....#.......#
..........#.......#
.#####.###.......#
#...#.###########
#.........#######
.#.#)........##....#


You could see an orc.

Vanquished Creatures
  A water moccasin skeleton (D:4)
  An orc wizard (D:3)
  A centaur skeleton (D:4)
  A worker ant (D:3)
  5 adders
  3 oozes
  A worm (D:3)
  A dart slug (D:3)
  A giant gecko (D:1)
  5 orcs
  8 bats
  8 goblins
  6 hobgoblins
  4 jackals
  4 kobolds
  2 giant newts
  3 rats
55 creatures vanquished.

Vanquished Creatures (collateral kills)
  An ogre (D:4)
  An orc (D:4)
  A hobgoblin (D:3)
3 creatures vanquished.

Grand Total: 58 creatures vanquished

Notes
Turn   | Place    | Note
--------------------------------------------------------------
     0 | D:1      | Ijustatesigmund the Octopode Transmuter began the quest for the Orb.
     0 | D:1      | Reached XP level 1. HP: 13/13 MP: 3/3
   187 | D:1      | Reached XP level 2. HP: 12/18 MP: 5/5
   191 | D:1      | Learned a level 2 spell: Sticks to Snakes
   622 | D:1      | Reached XP level 3. HP: 21/24 MP: 6/6
   627 | D:1      | Learned a level 3 spell: Spider Form
  1533 | D:2      | Reached skill level 1 in Poison Magic
  1745 | D:2      | Reached XP level 4. HP: 19/30 MP: 7/7
  2574 | D:3      | Reached skill level 4 in Unarmed Combat
  3115 | D:3      | Reached XP level 5. HP: 34/36 MP: 8/8
  3773 | D:4      | Found Yjuekoni's Jewellery Emporium.
  3777 | D:4      | Noticed an ogre
  3789 | D:4      | Killed an ogre
  3809 | D:4      | Found a staircase to the Ecumenical Temple.
  3818 | Temple   | Entered the Ecumenical Temple
  3823 | Temple   | Became a worshipper of Cheibriados the Contemplative
  3849 | D:4      | Reached XP level 6. HP: 27/43 MP: 9/9
  3891 | D:4      | Slain by an orc

Vault maps used:
D:1:      onia_arrival_mini_spirals
D:3:      hangedman_decor_growths
D:4:      minmay_temple_entry_crystal_x, serial_shops, nicolae_shop_waterfront,
          first_bread
Temple:   dpeg_three_leaves_temple_18

Skill      XL: |  1  2  3  4  5  6 |
---------------+-------------------+-----
Fighting       | 2 3 |  3.9
Poison Magic   | 1 2 |  2.0
Unarmed Combat | 4 |  4.6
Transmutations | 3 |  3.0
Dodging        | |  2.0
Spellcasting   | |  2.0

Action                   |  1- 3 |  4- 6 || total
-------------------------+-------+-------++-------
Melee: Unarmed           |    71 |    88 ||   159
 Cast: Beastly Appendage |     1 |     8 ||     9
       Sticks to Snakes  |       |     4 ||     4
       Spider Form       |       |     1 ||     1
  Use: Scroll            |     4 |     4 ||     8
       Potion            |       |     3 ||     3
 Stab: Sleeping          |     6 |     3 ||     9
       Distracted        |     1 |       ||     1
  Eat: Chunk             |     2 |     7 ||     9
       Pizza             |       |     1 ||     1
